 Seeded DCSS version 0.28-a0-724-g66f9036eb4 (webtiles) character file.

Game seed: 20211027 (custom seed)

437 Woods the Firebug (level 6, 0/45 HPs)
             Began as a Demigod Fire Elementalist on Oct 27, 2021.
             Slain by a hound (2 damage)
             ... on level 4 of the Dungeon.
             The game lasted 00:09:15 (4675 turns).

Woods the Firebug (Demigod Fire Elementalist)       Turns: 4675, Time: 00:09:16

Health: 0/45       AC:  4    Str:  9    XL:     6   Next: 41%
Magic:  15/15      EV: 12    Int: 25    God:
Gold:   142        SH:  0    Dex: 14    Spells: 2/12 levels left

rFire   . . .      SeeInvis .   (no weapon)
rCold   . . .      Faith    .   (no shield)
rNeg    . . .      Spirit   .   a - +0 robe
rPois   .          Reflect  .   (no helmet)
rElec   .          Harm     .   g - +0 cloak
rCorr   .          Rampage  .   m - +0 pair of gloves
Will    +....                   (no boots)
Stlth   ++........              (no amulet)
HPRegen 0.15/turn               i - ring of willpower
MPRegen 0.14/turn               (no ring)

@: no status effects
A: high mp 1, forlorn
a: no special abilities


You were on level 4 of the Dungeon.
You visited 1 branch of the dungeon, and saw 4 of its levels.

You collected 142 gold pieces.

Inventory:

Missiles
 n - 2 throwing nets
Armour
 a - a +0 robe (worn)
 g - a +0 cloak (worn)
 m - a +0 pair of gloves (worn)
Jewellery
 i - a ring of willpower (left hand)
Scrolls
 b - 2 scrolls of immolation {unknown}
 c - 2 scrolls of identify {unknown}
 h - a scroll of amnesia {unknown}
 j - a scroll of fear {unknown}
 k - a scroll of summoning {unknown}
 l - a scroll of silence {unknown}
Potions
 d - a potion of attraction {unknown}
 e - 2 potions of flight {unknown}
 f - 2 potions of heal wounds {unknown}


   Skills:
 - Level 1.7 Dodging
 - Level 1.7 Stealth
 + Level 3.9 Spellcasting
 - Level 3.0 Conjurations
 + Level 4.8 Fire Magic


You had 2 spell levels left.
You knew the following spells:

 Your Spells              Type           Power      Damage    Failure   Level
a - Foxfire               Conj/Fire      96%        2x1d8     1%          1
b - Scorch                Fire           58%        2d7       1%          2
c - Conjure Flame         Conj/Fire      24%        6-21      5%          3
d - Flame Wave            Conj/Fire      24%        3d6       19%         4

Your spell library contained the following spells:

 Spells                   Type           Power      Damage    Failure   Level
 Sandblast                Erth           8%         2d5       10%         1
 Blink                    Tloc           8%         N/A       14%         2
 Passwall                 Tmut/Erth      3%         N/A       14%         2
 Inner Flame              Hex/Fire       17%        N/A       10%         3
 Stone Arrow              Conj/Erth      24%        3d8       16%         3
 Manifold Assault         Tloc           4%         N/A       95%         5
 Storm Form               Tmut/Air       2%         N/A       100%        7


Dungeon Overview and Level Annotations

Branches:
Dungeon (4/15)
 Temple: D:4-7

Shops:
D:1 (

Annotations:
D:4 Rennog's ghost, amateur OgGl


Innate Abilities, Weirdness & Mutations

Your attributes grow dramatically as you level up.
You have an increased reservoir of magic. (+10% MP)
You shall have no god before yourself.


Message History

Confirm with . or Enter, or press ? or * to list all spells.
You conjure some foxfire!
The foxfire hits the iguana but does no damage.
The foxfire hits the iguana.
The iguana is moderately wounded.
Casting: Foxfire (safe; 1% risk of failure)
Confirm with . or Enter, or press ? or * to list all spells.
You conjure some foxfire!
The foxfire hits the iguana.
The iguana is moderately wounded.
The foxfire hits the iguana.
The iguana is severely wounded.
Casting: Foxfire (safe; 1% risk of failure)
Confirm with . or Enter, or press ? or * to list all spells.
You conjure some foxfire!
The foxfire hits the iguana!
You kill the iguana!
You start resting.
Your foxfire dissipates! x2
You start resting.
Your foxfire dissipates!
You start resting.
A goblin is nearby!
You open the gate.
Rennog's ghost wails, "What do you have that I didn't have?"
The hound barely misses you. The hound bites you but does no damage.
The centaur wields a +0 shortbow.
The centaur shoots an arrow.
The arrow hits you. The hound bites you.
The centaur shoots an arrow.
The arrow hits you! The hound barely misses you.
The centaur shoots an arrow.
The arrow barely misses you. The hound misses you.
The centaur shoots an arrow.
The arrow hits you!
The centaur shoots an arrow.
The arrow hits you!
* * * LOW HITPOINT WARNING * * *
The hound barely misses you.
The centaur shoots an arrow.
The arrow hits you.
* * * LOW HITPOINT WARNING * * *
The hound bites you.
You die...

.....†..#####
.......#.# ....#
........## .# ..
........###.##..
..........#..##. ##
.............##.##.##
.^.....##.o### .....#
.......##....###....#
.......#...W.c.h@..#
.......#..##.....###
..##...#.###....##
##........ #....#
.#...##... ##..##
....#..... #.##
..###........## ###
....... # ....###


You could see a centaur, a hound and Rennog's ghost.

Vanquished Creatures
  A necrophage (D:4)
  A scorpion (D:4)
  A jelly (D:3)
  An orc priest (D:4)
  An iguana (D:4)
  2 orc wizards
  4 gnolls (D:4)
  3 adders
  3 worms
  3 dart slugs
  8 orcs
  5 ball pythons
  4 endoplasms
  4 giant cockroaches
  5 hobgoblins
  3 jackals (D:4)
  7 kobolds
  A quokka (D:4)
  3 bats
  2 frilled lizards
  10 goblins
  4 rats
76 creatures vanquished.

Vanquished Creatures (others)
  275 foxfires
275 creatures vanquished.

Grand Total: 351 creatures vanquished

Notes
Turn   | Place    | Note
-------+----------+-------------------------------------------
     0 | D:1      | Woods the Demigod Fire Elementalist began the quest for the
                  | Orb.
     0 | D:1      | Reached XP level 1. HP: 14/14 MP: 5/5
     9 | D:1      | Found Septann's Antique Weapon Shoppe.
    63 | D:1      | Reached skill level 1 in Conjurations
   217 | D:1      | Reached XP level 2. HP: 20/20 MP: 5/7
   325 | D:1      | Reached skill level 3 in Fire Magic
  1287 | D:2      | Reached XP level 3. HP: 26/26 MP: 1/9
  2054 | D:3      | Learned a level 2 spell: Scorch
  2058 | D:3      | Learned a level 3 spell: Conjure Flame
  3094 | D:4      | Reached XP level 4. HP: 33/33 MP: 5/10
  3680 | D:4      | Reached XP level 5. HP: 38/38 MP: 3/12
  3781 | D:4      | Reached skill level 4 in Fire Magic
  4272 | D:4      | Learned a level 4 spell: Flame Wave
  4322 | D:4      | Noticed a necrophage
  4331 | D:4      | Killed a necrophage
  4332 | D:4      | Reached XP level 6. HP: 45/45 MP: 3/14
  4419 | D:4      | Found a runed translucent gate.
  4419 | D:4      | Found a runed translucent gate.
  4419 | D:4      | Found a runed translucent gate.
  4430 | D:4      | Noticed Rennog's ghost (amateur OgGl)
  4673 | D:4      | HP: 1/45 [centaur/arrow (3)]
  4675 | D:4      | Slain by a hound

Illustrated notes

Levels and vault maps discovered:
D:1:      amcnicky_arrival_gap_in_the_tavern_cellar, layout_basic,
          shapermc_ecumenical_altar_mp_ritualfount, serial_shops, shop
D:2:      layout_basic
D:3:      layout_basic, minmay_quadrilaterals
D:4:      layout_cave_pools, amcnicky_altar_gilded,
          lightli_ossuary_entry_decrepit_ruins, ebering_ghost_gozag,
          serial_shops, nicolae_diamond_shop

Skill      XL: |  1  2  3  4  5 |
---------------+----------------+-----
Conjurations   | 1 2 3 |  3.0
Spellcasting   | 2 3 |  3.9
Fire Magic     | 3 4 |  4.8
Dodging        | |  1.7
Stealth        | |  1.7

Action                   |  1- 3 |  4- 6 || total
-------------------------+-------+-------++-------
Melee: Unarmed           |    13 |     2 ||    15
 Cast: Foxfire           |   121 |    41 ||   162
       Conjure Flame     |     1 |       ||     1
       Scorch            |       |    23 ||    23
Armor: Robe              |    10 |     3 ||    13
Dodge: Dodged            |    19 |    19 ||    38

Table legend: (Time is in decaauts)
 A = Elapsed time spent in this place.
 B = Non-inter-level travel time spent in this place.
 C = Inter-level travel time spent in this place.
 D = Time resting spent in this place.
 E = Time spent auto-exploring this place.
 F = Levels seen in this place.
 G = Mean time per level.
                   A        B        C        D        E       F      G
               +--------+--------+--------+--------+--------+-----+--------+
         Total |   4680 |   4552 |    128 |   1029 |   2724 |   4 | 1170.0 |
       Dungeon |   4680 |   4552 |    128 |   1029 |   2724 |   4 | 1170.0 |
               +--------+--------+--------+--------+--------+-----+--------+

Top non-repeatable levels by time:
     D:3: 1949 daAuts
     D:1: 1210 daAuts
     D:2: 986 daAuts
     D:4: 534 daAuts
